 Dungeon Crawl Stone Soup version 0.29-a0-40-g8eb35efe60 (webtiles) character file.

Game seed: 17212001637975735555

42 ragingrage the Firebug (level 3, 0/31 HPs)
             Began as an Ogre Fire Elementalist on Feb 1, 2022.
             Slain by a phantom (6 damage)
             ... on level 2 of the Dungeon.
             The game lasted 00:02:16 (2021 turns).

ragingrage the Firebug (Ogre Fire Elementalist)     Turns: 2021, Time: 00:02:16

Health: 0/31       AC:  3    Str: 12    XL:     3   Next: 54%
Magic:  0/7        EV:  9    Int: 18    God:
Gold:   57         SH:  0    Dex:  9    Spells: 2/8 levels left

rFire   . . .      SeeInvis .   b - +0 mace
rCold   . . .      Faith    .   (no shield)
rNeg    . . .      Spirit   .   a - +0 robe
rPois   .          Reflect  .   (helmet restricted)
rElec   .          Harm     .   (no cloak)
rCorr   .          Rampage  .   (gloves unavailable)
Will    .....                   (boots unavailable)
Stlth   +.........              (no amulet)
HPRegen 0.10/turn               (no ring)
MPRegen 0.10/turn               (no ring)

@: about to teleport, very slightly contaminated
A: large, unfitting armour, tough skin 1
a: no special abilities


You were on level 2 of the Dungeon.
You visited 1 branch of the dungeon, and saw 2 of its levels.

You collected 57 gold pieces.

Inventory:

Hand Weapons
 b - a +0 mace (weapon)
Armour
 a - a +0 robe (worn)
Scrolls
 c - a scroll of teleportation
 d - a scroll of identify {unknown}
 e - a scroll of fear {unknown}
 f - 2 scrolls of noise {unknown}
 g - 2 scrolls of fog {unknown}


   Skills:
 - Level 1.7 Dodging
 - Level 1.4 Stealth
 + Level 3.1 Spellcasting
 + Level 1.8 Conjurations
 + Level 3.2 Fire Magic


You had 2 spell levels left.
You knew the following spells:

 Your Spells              Type           Power      Damage    Failure   Level
a - Foxfire               Conj/Fire      44%        2x1d6     6%          1
b - Scorch                Fire           28%        2d6       6%          2
c - Conjure Flame         Conj/Fire      11%        6-21      17%         3

Your spell library contained the following spells:

 Spells                   Type           Power      Damage    Failure   Level
 Beastly Appendage        Tmut           4%         N/A       16%         1
 Wereblood                Tmut           2%         N/A       24%         2
 Inner Flame              Hex/Fire       8%         N/A       26%         3
 Ignite Poison            Fire/Tmut/Pois 6%         N/A       30%         3
 Mephitic Cloud           Conj/Pois/Air  5%         N/A       36%         3
 Spider Form              Tmut/Pois      2%         N/A       43%         3
 Flame Wave               Conj/Fire      11%        2d5       50%         4
 Freezing Cloud           Conj/Ice/Air   2%         6-21      98%         5


Dungeon Overview and Level Annotations

Branches:
Dungeon (2/15)

Altars:

Shops:
D:1 :[

Annotations:
D:2 Terence


Innate Abilities, Weirdness & Mutations

You are too large for most types of armour.
You have tough skin. (AC +1)


Message History

Confirm with . or Enter, or press ? or * to list all spells.
You conjure some foxfire!
The phantom hits you.
A phantom is nearby!
Casting: Foxfire (safe; 6% risk of failure)
Confirm with . or Enter, or press ? or * to list all spells.
Flames lash the phantom.
The phantom is lightly damaged.
The phantom's fire resistance burns away.
The foxfire hits the phantom!
The phantom is burned terribly!
The phantom is moderately damaged.
The phantom hits you!
Casting: Scorch (safe; 6% risk of failure)
Confirm with . or Enter, or press ? or * to list all spells.
Flames lash the phantom.
The phantom is burned terribly!
The phantom is severely damaged.
The phantom hits you but does no damage.
Your foxfire dissipates!
You see here a +0 ring mail.
The phantom is no longer more vulnerable to fire.
Casting: Scorch (safe; 6% risk of failure)
Confirm with . or Enter, or press ? or * to list all spells.
You miscast Foxfire.
You are very lightly contaminated with residual magic.
Nothing appears to happen.
The phantom hits you.
The phantom blinks!
You blink.
Casting: Foxfire (safe; 6% risk of failure)
Confirm with . or Enter, or press ? or * to list all spells.
You conjure some foxfire!
The phantom hits you.
* * * LOW HITPOINT WARNING * * *
Your foxfire dissipates!
The foxfire hits the phantom but does no damage.
The phantom is severely damaged.
You barely miss the phantom.
The phantom is severely damaged.
The phantom hits you.
* * * LOW HITPOINT WARNING * * *
You aren't carrying any items that you can evoke.
As you read the scroll labelled QIEQ FOCSUTIUSYE, it crumbles to dust.
You feel strangely unstable.
It was a scroll of teleportation.
The phantom hits you.
You die...

#.#......###.........##
#.#.####.#............#
#.#.[....#.####........
##.#$#.#....####........
#....?.#.#.....#........
#.####.#....##.#.#.....#
#......#......>..##...##
##.....W..####.#####.##
####..@..# #.......#
####### #########


You could see a phantom.

Vanquished Creatures
  A worm (D:2)
  2 dart slugs (D:2)
  4 ball pythons
  4 endoplasms
  5 giant cockroaches
  3 goblins
  3 hobgoblins
  3 kobolds
  2 bats
  A frilled lizard (D:1)
  2 rats
  A spectral hobgoblin (D:1)
31 creatures vanquished.

Vanquished Creatures (others)
  131 foxfires
131 creatures vanquished.

Grand Total: 162 creatures vanquished

Notes
Turn   | Place    | Note
-------+----------+-------------------------------------------
     0 | D:1      | ragingrage the Ogre Fire Elementalist began the quest for
                  | the Orb.
     0 | D:1      | Reached XP level 1. HP: 16/16 MP: 3/3
   102 | D:1      | Reached skill level 1 in Conjurations
   232 | D:1      | Found Zuecw's Antique Armour Emporium.
   291 | D:1      | Reached XP level 2. HP: 24/24 MP: 1/5
   399 | D:1      | Found a faded altar of an unknown god.
   644 | D:1      | Found Cischoz's Book Shop.
   909 | D:2      | Reached XP level 3. HP: 25/31 MP: 1/7
  1191 | D:2      | Learned a level 2 spell: Scorch
  1195 | D:2      | Learned a level 3 spell: Conjure Flame
  1514 | D:2      | Noticed Terence
  1998 | D:2      | Noticed a phantom
  2021 | D:2      | Slain by a phantom

Illustrated notes

Levels and vault maps discovered:
D:1:      heliophobic_arrival_dark_side_of_the_moon, layout_rooms,
          dreamdust_ecumenical_altar_drowned_temple, serial_shops,
          nicolae_diamond_shop, nicolae_shop_window_shopping, minmay_surrounded
D:2:      layout_loops_cross, minmay_tetromino_i4, uniq_terence

Skill      XL: |  1  2 |
---------------+-------+-----
Conjurations   | 1 |  1.8
Fire Magic     | 3 |  3.2
Spellcasting   | 3 |  3.1
Dodging        | |  1.7
Stealth        | |  1.4

Action                   || total
-------------------------++-------
Melee: Mace              ||    26
 Cast: Foxfire           ||    88
       Scorch            ||     5
  Use: Scroll            ||     1
Armor: Robe              ||    16
Dodge: Dodged            ||    23

Table legend: (Time is in decaauts)
 A = Elapsed time spent in this place.
 B = Non-inter-level travel time spent in this place.
 C = Inter-level travel time spent in this place.
 D = Time resting spent in this place.
 E = Time spent auto-exploring this place.
 F = Levels seen in this place.
 G = Mean time per level.
                   A        B        C        D        E       F      G
               +--------+--------+--------+--------+--------+-----+--------+
         Total |   2034 |   1985 |     49 |    348 |   1275 |   2 | 1017.0 |
       Dungeon |   2034 |   1985 |     49 |    348 |   1275 |   2 | 1017.0 |
               +--------+--------+--------+--------+--------+-----+--------+

Top non-repeatable levels by time:
     D:2: 1123 daAuts
     D:1: 910 daAuts
